| TOP OF THE 1ST |
|
Sumter Gamecocks batting - Pitching for Greenwood Grizzlies : LHP Brian Hayes
|
|
Pitching: LHP Brian Hayes
|
|
|
Batting: SHB John Cangelosi
|
0-0: Ball 1-0: Swinging Strike 1-1: SINGLE (Line Drive, 8RS, EV 107.5 MPH)
|
|
Batting: LHB Antonio Tapia
|
0-0: Ball 1-0: Swinging Strike 1-1: Swinging Strike 1-2: Strikes out swinging
|
|
Batting: RHB Randy Washington
|
0-0: Ball 1-0: Fly out, F8 (Flyball, 8LS, EV 91.3 MPH)
|
|
Batting: RHB Ron Shepherd
|
0-0: Ball 1-0: Called Strike John Cangelosi steals 2nd base 1-1: Ball 2-1: Foul Ball, location: 2F 2-2: Strikes out looking
|
| Top of the 1st over - 0 runs, 1 hit, 0 errors, 1 left on base; Sumter 0 - Greenwood 0 |
| BOTTOM OF THE 1ST |
|
Greenwood Grizzlies batting - Pitching for Sumter Gamecocks : LHP Dave Lochner
|
|
Pitching: LHP Dave Lochner
|
|
|
Batting: SHB Sap Randall
|
0-0: Foul Ball, location: 2F 0-1: Ball 1-1: Called Strike 1-2: Ball 2-2: Strikes out swinging
|
|
Batting: RHB Robert Weirum
|
0-0: Foul Ball, location: 2F 0-1: Foul Ball, location: 2F 0-2: Ball 1-2: Ground out 6-3 (Groundball, 6, EV 96.3 MPH)
|
|
Batting: LHB Mike Greenwell
|
0-0: Called Strike 0-1: Ball 1-1: Ground out 4-3 (Groundball, 4S, EV 88.1 MPH)
|
| Bottom of the 1st over - 0 runs, 0 hits, 0 errors, 0 left on base; Sumter 0 - Greenwood 0 |
| TOP OF THE 2ND |
|
Sumter Gamecocks batting - Pitching for Greenwood Grizzlies : LHP Brian Hayes
|
|
Batting: RHB Jorge Gonzalez
|
0-0: Ball 1-0: Ball 2-0: Ball 3-0: Base on Balls
|
|
Batting: RHB Vaughn Calloway
|
0-0: Ball 1-0: Ball 2-0: Called Strike 2-1: Foul Ball, location: 2F 2-2: Foul Ball, location: 2F 2-2: Ball 3-2: DOUBLE (Line Drive, 9LM, EV 103.8 MPH) Jorge Gonzalez to third Runner from 3rd tries for Home, SAFE, throw by RF to trailing runner, SAFE at third!
|
|
Batting: RHB Jerry Hidalgo
|
0-0: Ball 1-0: Ball 2-0: Called Strike 2-1: Ball 3-1: Base on Balls
|
|
Batting: RHB Claude Johnson
|
0-0: Foul Ball, location: 2F 0-1: Foul Ball, location: 2F 0-2: Foul Ball, location: 2F 0-2: Ball 1-2: Strikes out swinging
|
|
Batting: RHB Jeffrey Boyd
|
0-0: Called Strike 0-1: Called Strike 0-2: Grounds into double play, 5-4-3 (Groundball, 56S, EV 91.9 MPH)
|
| Top of the 2nd over - 1 run, 1 hit, 0 errors, 1 left on base; Sumter 1 - Greenwood 0 |
| BOTTOM OF THE 2ND |
|
Greenwood Grizzlies batting - Pitching for Sumter Gamecocks : LHP Dave Lochner
|
|
Batting: RHB Alfonso Gomez
|
0-0: Ball 1-0: Swinging Strike 1-1: SOLO HOME RUN (Flyball, 7D, EV 91.9 MPH), Distance : 373 ft
|
|
Batting: RHB Jim Sherman
|
0-0: Ball 1-0: Swinging Strike 1-1: Ball 2-1: Fly out, F7 (Flyball, 78XD, EV 91.3 MPH)
|
|
Batting: LHB Daryl Boston
|
0-0: Ball 1-0: Foul Ball, location: 2F 1-1: Fly out, F9 (Line Drive, 9D, EV 86.3 MPH)
|
|
Batting: RHB George Chadwick
|
0-0: SINGLE (Groundball, 56D, EV 98.1 MPH)
|
|
Batting: RHB Frank Castro
|
0-0: Called Strike 0-1: Called Strike 0-2: Ball 1-2: Strikes out swinging
|
| Bottom of the 2nd over - 1 run, 2 hits, 0 errors, 1 left on base; Sumter 1 - Greenwood 1 |
| TOP OF THE 3RD |
|
Sumter Gamecocks batting - Pitching for Greenwood Grizzlies : LHP Brian Hayes
|
|
Batting: SHB John Cangelosi
|
0-0: Ball 1-0: Foul Ball, location: 2F 1-1: Swinging Strike 1-2: Ball 2-2: Ground out 6-3 (Groundball, 6, EV 91.9 MPH)
|
|
Batting: LHB Antonio Tapia
|
0-0: Called Strike 0-1: Ground out 4-3 (Groundball, 4S, EV 80.6 MPH)
|
|
Batting: RHB Randy Washington
|
0-0: Ball 1-0: Ball 2-0: Ball 3-0: Base on Balls
|
|
Batting: RHB Ron Shepherd
|
0-0: Called Strike 0-1: Ball 1-1: Ball 2-1: SINGLE (Line Drive, 78S, EV 105.6 MPH) Randy Washington to second Runner from 2nd tries for 3rd, SAFE, throw by LF made to third
|
|
Batting: RHB Jorge Gonzalez
|
0-0: Ball 1-0: Called Strike 1-1: Ball 2-1: Called Strike 2-2: Fly out, F6 (Flyball, 6D, EV 89.4 MPH)
|
| Top of the 3rd over - 0 runs, 1 hit, 0 errors, 2 left on base; Sumter 1 - Greenwood 1 |
| BOTTOM OF THE 3RD |
|
Greenwood Grizzlies batting - Pitching for Sumter Gamecocks : LHP Dave Lochner
|
|
Batting: RHB Timothy Hume
|
0-0: Called Strike 0-1: Ball 1-1: Called Strike 1-2: SINGLE (Groundball, 6MD, EV 105.0 MPH)
|
|
Batting: SHB Sap Randall
|
0-0: Fly out, F8 (Flyball, 8LXD, EV 91.3 MPH) Runner from 1st tags up, SAFE at 2nd
|
|
Batting: RHB Robert Weirum
|
0-0: Foul Ball, location: 2F 0-1: Foul Ball, location: 2F 0-2: Ball 1-2: SINGLE (Line Drive, 3D, EV 96.9 MPH) Timothy Hume to third Runner from 3rd tries for Home, throw by RF and OUT! 9-2
|
|
Batting: LHB Mike Greenwell
|
0-0: Ball 1-0: Ball 2-0: Swinging Strike 2-1: Ball 3-1: Base on Balls Robert Weirum to second
|
|
Batting: RHB Alfonso Gomez
|
0-0: Called Strike 0-1: Ball 1-1: Called Strike 1-2: Strikes out swinging
|
| Bottom of the 3rd over - 0 runs, 2 hits, 0 errors, 2 left on base; Sumter 1 - Greenwood 1 |
| TOP OF THE 4TH |
|
Sumter Gamecocks batting - Pitching for Greenwood Grizzlies : LHP Brian Hayes
|
|
Batting: RHB Vaughn Calloway
|
0-0: Foul Ball, location: 2F 0-1: Fly out, F8 (Flyball, 8RD, EV 100.0 MPH)
|
|
Batting: RHB Jerry Hidalgo
|
0-0: Foul Ball, location: 2F 0-1: Ground out 5-3 (Groundball, 56, EV 85.6 MPH)
|
|
Batting: RHB Claude Johnson
|
0-0: SINGLE (Groundball, 5D, EV 108.1 MPH)
|
|
Batting: RHB Jeffrey Boyd
|
0-0: Ground out 3-1 (Groundball, 34S, EV 68.1 MPH)
|
| Top of the 4th over - 0 runs, 1 hit, 0 errors, 1 left on base; Sumter 1 - Greenwood 1 |
| BOTTOM OF THE 4TH |
|
Greenwood Grizzlies batting - Pitching for Sumter Gamecocks : LHP Dave Lochner
|
|
Batting: RHB Jim Sherman
|
0-0: Ground out 6-3 (Groundball, 6, EV 83.8 MPH)
|
|
Batting: LHB Daryl Boston
|
0-0: Ball 1-0: Ball 2-0: Called Strike 2-1: Ball 3-1: Foul Ball, location: 2F 3-2: Fly out, F5 (Line Drive, 5, EV 71.9 MPH)
|
|
Batting: RHB George Chadwick
|
0-0: Called Strike 0-1: Foul Ball, location: 2F 0-2: Ball 1-2: Foul Ball, location: 2F 1-2: Ball 2-2: Ball 3-2: SINGLE (Line Drive, 3D, EV 108.1 MPH)
|
|
Batting: RHB Frank Castro
|
0-0: Called Strike 0-1: Foul Ball, location: 2F 0-2: Ball 1-2: Fly out, F8 (Flyball, 8RD, EV 103.1 MPH)
|
| Bottom of the 4th over - 0 runs, 1 hit, 0 errors, 1 left on base; Sumter 1 - Greenwood 1 |
| TOP OF THE 5TH |
|
Sumter Gamecocks batting - Pitching for Greenwood Grizzlies : LHP Brian Hayes
|
|
Batting: SHB John Cangelosi
|
0-0: Ball 1-0: Called Strike 1-1: Fly out, F6 (Popup, 4M, EV 60.0 MPH)
|
|
Batting: LHB Antonio Tapia
|
0-0: Fly out, F8 (Flyball, 89M, EV 80.6 MPH)
|
|
Batting: RHB Randy Washington
|
0-0: Ball 1-0: Foul Ball, location: 2F 1-1: Ground out 4-3 (Groundball, 4, EV 86.3 MPH)
|
| Top of the 5th over - 0 runs, 0 hits, 0 errors, 0 left on base; Sumter 1 - Greenwood 1 |
| BOTTOM OF THE 5TH |
|
Greenwood Grizzlies batting - Pitching for Sumter Gamecocks : LHP Dave Lochner
|
|
Batting: RHB Timothy Hume
|
0-0: Ball 1-0: Ball 2-0: Ball 3-0: Base on Balls
|
|
Batting: SHB Sap Randall
|
0-0: Ball 1-0: Foul Ball, location: 2F 1-1: Foul Ball, location: 2F 1-2: Ball 2-2: Foul Ball, location: 2F 2-2: Ball 3-2: Base on Balls Timothy Hume to second
|
|
Batting: RHB Robert Weirum
|
0-0: Bunt missed! 0-1: Bunt missed! 0-2: Ball 1-2: Ball 2-2: Strikes out swinging
|
|
Batting: LHB Mike Greenwell
|
0-0: Ball 1-0: Ball 2-0: Called Strike 2-1: Called Strike 2-2: Strikes out swinging
|
|
Batting: RHB Alfonso Gomez
|
0-0: Ball 1-0: Ball 2-0: Called Strike 2-1: Foul Ball, location: 2F 2-2: Foul Ball, location: 2F 2-2: Foul Ball, location: 2F 2-2: Foul Ball, location: 2F 2-2: Strikes out swinging
|
| Bottom of the 5th over - 0 runs, 0 hits, 0 errors, 2 left on base; Sumter 1 - Greenwood 1 |
| TOP OF THE 6TH |
|
Sumter Gamecocks batting - Pitching for Greenwood Grizzlies : LHP Brian Hayes
|
|
Batting: RHB Ron Shepherd
|
0-0: SOLO HOME RUN (Flyball, 78XD, EV 103.1 MPH), Distance : 409 ft
|
|
Batting: RHB Jorge Gonzalez
|
0-0: Called Strike 0-1: Ball 1-1: Ball 2-1: Ball 3-1: Foul Ball, location: 2F 3-2: Ground out 6-3 (Groundball, 6M, EV 88.8 MPH)
|
|
Batting: RHB Vaughn Calloway
|
0-0: Called Strike 0-1: Foul Ball, location: 2F 0-2: Ground out 4-3 (Groundball, 4S, EV 68.1 MPH)
|
|
Batting: RHB Jerry Hidalgo
|
0-0: Ball 1-0: Called Strike 1-1: Hit by Pitch
|
|
Batting: RHB Claude Johnson
|
0-0: Ball 1-0: SINGLE (Groundball, 34D, EV 93.8 MPH) Jerry Hidalgo to second Runner from 2nd tries for 3rd, SAFE, no throw by RF
|
|
Batting: RHB Jeffrey Boyd
|
0-0: Swinging Strike 0-1: Foul Ball, location: 2F 0-2: Ball 1-2: Foul Ball, location: 2F 1-2: Ground out 6-3 (Groundball, 56D, EV 83.1 MPH)
|
| Top of the 6th over - 1 run, 2 hits, 0 errors, 2 left on base; Sumter 2 - Greenwood 1 |
| BOTTOM OF THE 6TH |
|
Greenwood Grizzlies batting - Pitching for Sumter Gamecocks : LHP Dave Lochner
|
|
Batting: RHB Jim Sherman
|
0-0: Ball 1-0: Fly out, F8 (Line Drive, 8LM, EV 92.5 MPH)
|
|
Batting: LHB Daryl Boston
|
0-0: Called Strike 0-1: Ball 1-1: SOLO HOME RUN (Flyball, 89XD, EV 86.9 MPH), Distance : 444 ft
|
|
Batting: RHB George Chadwick
|
0-0: Ball 1-0: Called Strike 1-1: Hit by Pitch
|
|
Batting: RHB Frank Castro
|
0-0: Ball 1-0: Called Strike 1-1: Fly out, F7 (Line Drive, 7D, EV 93.1 MPH)
|
|
Batting: RHB Timothy Hume
|
0-0: Called Strike 0-1: Fly out, F8 (Flyball, 8RS, EV 81.9 MPH)
|
| Bottom of the 6th over - 1 run, 1 hit, 0 errors, 1 left on base; Sumter 2 - Greenwood 2 |
| TOP OF THE 7TH |
|
Sumter Gamecocks batting - Pitching for Greenwood Grizzlies : LHP Brian Hayes
|
|
Batting: SHB John Cangelosi
|
0-0: Called Strike 0-1: Ground out 6-3 (Groundball, 6D, EV 96.9 MPH)
|
|
Batting: LHB Antonio Tapia
|
0-0: Ball 1-0: Ball 2-0: Swinging Strike 2-1: Foul Ball, location: 2F 2-2: Ball 3-2: Strikes out swinging, 2-3 out at first.
|
|
Batting: RHB Randy Washington
|
0-0: Ball 1-0: Ball 2-0: Ball 3-0: Called Strike 3-1: Called Strike 3-2: Ground out 4-3 (Groundball, 4, EV 85.0 MPH)
|
| Top of the 7th over - 0 runs, 0 hits, 0 errors, 0 left on base; Sumter 2 - Greenwood 2 |
| BOTTOM OF THE 7TH |
|
Greenwood Grizzlies batting - Pitching for Sumter Gamecocks : LHP Dave Lochner
|
|
Batting: SHB Sap Randall
|
0-0: Ball 1-0: Called Strike 1-1: Foul Ball, location: 2F 1-2: Strikes out swinging
|
|
Batting: RHB Robert Weirum
|
0-0: Ball 1-0: SINGLE (Line Drive, 89S, EV 95.6 MPH)
|
|
Batting: LHB Mike Greenwell
|
0-0: Foul Ball, location: 2F 0-1: Swinging Strike 0-2: SINGLE (Groundball, 6D, EV 105.0 MPH) Robert Weirum to second
|
|
Batting: RHB Alfonso Gomez
|
0-0: DOUBLE (Groundball, 5L, EV 101.3 MPH) Robert Weirum scores Mike Greenwell to third
|
|
Batting: RHB Jim Sherman
|
0-0: Ball 1-0: Ball 2-0: Ball 3-0: Called Strike 3-1: Called Strike 3-2: Strikes out swinging
|
|
Batting: LHB Daryl Boston
|
0-0: Called Strike 0-1: Fly out, F5 (Popup, 56, EV 75.0 MPH)
|
| Bottom of the 7th over - 1 run, 3 hits, 0 errors, 2 left on base; Sumter 2 - Greenwood 3 |
| TOP OF THE 8TH |
|
Sumter Gamecocks batting - Pitching for Greenwood Grizzlies : LHP Brian Hayes
|
|
Pitching: RHP Byron Jackson
|
|
|
Batting: RHB Ron Shepherd
|
0-0: Ball 1-0: Foul Ball, location: 2F 1-1: Ground out 6-3 (Groundball, 6, EV 85.6 MPH)
|
|
Batting: RHB Jorge Gonzalez
|
0-0: Ground out 4-3 (Groundball, 34, EV 76.3 MPH)
|
|
Batting: RHB Vaughn Calloway
|
0-0: Ball 1-0: Called Strike 1-1: Ball 2-1: Called Strike 2-2: Strikes out swinging
|
| Top of the 8th over - 0 runs, 0 hits, 0 errors, 0 left on base; Sumter 2 - Greenwood 3 |
| BOTTOM OF THE 8TH |
|
Greenwood Grizzlies batting - Pitching for Sumter Gamecocks : LHP Dave Lochner
|
|
Batting: RHB George Chadwick
|
0-0: Ball 1-0: Foul Ball, location: 2F 1-1: Foul Ball, location: 2F 1-2: Strikes out looking
|
|
Batting: RHB Frank Castro
|
0-0: Called Strike 0-1: Ball 1-1: Ball 2-1: Foul Ball, location: 2F 2-2: DOUBLE (Groundball, 5L, EV 105.0 MPH)
|
|
Pitching: RHP Victor Walters
|
|
|
Batting: RHB Timothy Hume
|
0-0: Foul Ball, location: 2F 0-1: Foul Ball, location: 2F 0-2: Strikes out swinging
|
|
Batting: SHB Sap Randall
|
0-0: Called Strike 0-1: Ball 1-1: Foul Ball, location: 2F 1-2: Ball 2-2: Strikes out looking
|
| Bottom of the 8th over - 0 runs, 1 hit, 0 errors, 1 left on base; Sumter 2 - Greenwood 3 |
| TOP OF THE 9TH |
|
Sumter Gamecocks batting - Pitching for Greenwood Grizzlies : RHP Byron Jackson
|
|
Pitching: RHP Philip Costello
|
|
|
Now in LF: Jim Watkins
|
|
|
Pinch Hitting: RHB Kelly Gruber
|
0-0: SINGLE (Flyball, 8RS, EV 94.4 MPH)
|
|
Batting: RHB Claude Johnson
|
0-0: Bunt missed! 0-1: Bunt missed! 0-2: Grounds into double play, 4-6-3 (Groundball, 4, EV 110.0 MPH)
|
|
Pinch Hitting: LHB Mark Gerard
|
0-0: Called Strike 0-1: Ground out 4-3 (Groundball, 34S, EV 90.0 MPH)
|
| Top of the 9th over - 0 runs, 1 hit, 0 errors, 0 left on base; Sumter 2 - Greenwood 3 |
|